 Dungeon Crawl Stone Soup version 0.30-a0-1016-gfb0d676c02 (webtiles) character file.

Game seed: 11490877944368516551

2 hwolsky the Firebug (level 1, -3/14 HPs)
             Began as a Demigod Fire Elementalist on Apr 6, 2023.
             Slain by a goblin
             ... wielding a +2 dagger of venom
              (4 damage)
             ... on level 1 of the Dungeon.
             The game lasted 00:01:28 (243 turns).

hwolsky the Firebug (Demigod Fire Elementalist)      Turns: 243, Time: 00:01:29

Health: -3/14      AC:  2    Str:  9    XL:     1   Next: 26%
Magic:  5/5        EV: 12    Int: 17    God:
Gold:   7          SH:  0    Dex: 14    Spells: 2/3 levels left

rFire   . . .      SeeInvis .    (no weapon)
rCold   . . .      Faith    .    (no shield)
rNeg    . . .      Spirit   .    a - +0 robe
rPois   .          Reflect  .    (no helmet)
rElec   .          Rampage  .    (no cloak)
rCorr   .                        (no gloves)
Will    .....                    (no boots)
Stlth   ++                       (no amulet)
HPRegen 0.22/turn                (no ring)
MPRegen 0.09/turn                (no ring)

@: lethally poisoned (-3 -> -13)
A: high MP 1, forlorn, divine attributes
a: no special abilities


You were on level 1 of the Dungeon.
You visited 1 branch of the dungeon, and saw 1 of its levels.

You collected 7 gold pieces.

Inventory:

Armour
 a - a +0 robe (worn)
Potions
 b - a potion of magic


   Skills:
 + Level 1.8 Dodging
 + Level 1.8 Stealth
 + Level 1.8 Spellcasting
 + Level 1.0 Conjurations
 + Level 2.7 Fire Magic


You had 2 spell levels left.
You knew the following spells:

 Your Spells              Type           Power      Damage    Failure   Level
a - Foxfire               Conj/Fire      28%        2x1d5     10%         1

Your spell library contained the following spells:

 Spells                   Type           Power      Damage    Failure   Level
 Scorch                   Fire           20%        2d6       10%         2
 Inner Flame              Hex/Fire       6%         N/A       34%         3
 Volatile Blastmotes      Fire/Tloc      12%        2d11      34%         3
 Flame Wave               Conj/Fire      7%         2d5       67%         4


Dungeon Overview and Level Annotations

Branches:
Dungeon (1/15)


Innate Abilities, Weirdness & Mutations

You have an increased reservoir of magic. (+10% MP)
You shall have no god before yourself.
Your divine heritage dramatically boosts your attributes as you level up.


Message History

The foxfire hits the giant cockroach but does no damage.
The giant cockroach is heavily wounded.
The foxfire hits the giant cockroach but does no damage.
The giant cockroach is heavily wounded.
The giant cockroach bites you.
Casting: Foxfire (safe; 10% risk of failure)
Confirm with . or Enter, or press ? or * to list all spells.
You conjure some foxfire!
The giant cockroach barely misses you.
The foxfire hits the giant cockroach.
The giant cockroach is almost dead.
The foxfire hits the giant cockroach but does no damage.
The giant cockroach is almost dead.
Casting: Foxfire (safe; 10% risk of failure)
Confirm with . or Enter, or press ? or * to list all spells.
You conjure some foxfire!
The giant cockroach completely misses you.
The giant cockroach closely misses you.
The giant cockroach attacks as you move away!
The giant cockroach barely misses you.
The foxfire hits the giant cockroach.
You kill the giant cockroach!
Your Conjurations skill increases to level 1!
There is a faded altar of an unknown god here.
Found a ring mail.
A goblin comes into view. It is wielding a +2 dagger of venom.
The goblin shouts!
A kobold comes into view. It is wielding a +0 dagger.
The goblin hits you with a +2 dagger of venom.
You barely miss the goblin.
The kobold shouts!
The goblin hits you with a +2 dagger of venom.
You are poisoned.
You hit the goblin but do no damage.
You feel sick.
The goblin hits you with a +2 dagger of venom.
* * * LOW HITPOINT WARNING * * *
You are more poisoned.
You barely miss the goblin.
* * * LOW HITPOINT WARNING * * *
You feel very sick.
The goblin hits you with a +2 dagger of venom.
You die...

#..... .. #.#
#####. #.
#.###########.
#.
#.##..........
##.#
#.##.#########
#... #.##.# #...
#.##.#
.###...####.##.#
...K..g@.......#
#...........#..#
#.........#...##
####.[.########
#... #... ####


You could see a goblin and a kobold.

Vanquished Creatures
  A bat (D:1)
  A giant cockroach (D:1)
2 creatures vanquished.

Vanquished Creatures (others)
  9 foxfires (D:1)
9 creatures vanquished.

Grand Total: 11 creatures vanquished

Notes
Turn   | Place    | Note
-------+----------+-------------------------------------------
     0 | D:1      | hwolsky the Demigod Fire Elementalist began the quest for
                  | the Orb.
     0 | D:1      | Reached XP level 1. HP: 14/14 MP: 5/5
   177 | D:1      | Reached skill level 1 in Conjurations
   243 | D:1      | Slain by a goblin

Illustrated notes

Levels and vault maps discovered:
D:1:      minmay_arrival_split_and_join, layout_loops_ring,
          ebering_ecumenical_altar_box, chequers_serial_rivers_small_3

Skill      XL: |  1 |
---------------+----+-----
Conjurations   | 1 |  1.0
Dodging        | |  1.8
Stealth        | |  1.8
Spellcasting   | |  1.8
Fire Magic     | |  2.7

Action                     || total
---------------------------++-------
  Melee: Unarmed           ||     3
   Cast: Foxfire           ||     5
  Dodge: Dodged            ||     6

Table legend: (Time is in decaauts)
 A = Elapsed time spent in this place.
 B = Non-inter-level travel time spent in this place.
 C = Inter-level travel time spent in this place.
 D = Time resting spent in this place.
 E = Time spent auto-exploring this place.
 F = Levels seen in this place.
 G = Mean time per level.
                   A        B        C        D        E       F      G
               +--------+--------+--------+--------+--------+-----+--------+
         Total |    243 |    243 |      0 |      0 |     60 |   1 |  243.0 |
       Dungeon |    243 |    243 |      0 |      0 |     60 |   1 |  243.0 |
               +--------+--------+--------+--------+--------+-----+--------+

Top non-repeatable levels by time:
     D:1: 243 daAuts
